 Dungeon Crawl Stone Soup version 0.29-a0-206-g4a66f2e2b5 (webtiles) character file.

Game seed: 2788265619039037665

2801 Crownlay the Quickloader (level 9, -3/81 HPs)
             Began as a Minotaur Hunter on Feb 23, 2022.
             Was a Follower of Cheibriados.
             Splashed by a jelly's acid (11 damage)
             ... on level 6 of the Dungeon.
             The game lasted 00:09:11 (6634 turns).

Crownlay the Quickloader (Minotaur Hunter)          Turns: 6634, Time: 00:09:12

Health: -3/81      AC: -5    Str: 24    XL:     9   Next: 44%
Magic:  8/8        EV: 15    Int: 11    God:    Cheibriados [*.....]
Gold:   329        SH:  0    Dex: 21    Spells: 8/8 levels left

rFire   x . .      SeeInvis .   G - +9 spear "Saco" {vorpal, rPois rF- Str+4}
rCold   . . .      Faith    .   (no shield)
rNeg    . . .      Spirit   .   x - +1 scale mail of Xac Akox {Fly Dex+3}
rPois   +          Reflect  .   (helmet restricted)
rElec   .          Harm     .   m - scarf {shadows}
rCorr   .          Rampage  .   q - +0 pair of gloves
Will    .....                   (no boots)
Stlth   ..........              (no amulet)
HPRegen 0.23/turn               y - +4 ring of evasion
MPRegen 0.11/turn               o - +4 ring of protection

@: confused, ambrosia-drunk, corroded, flying, very slow
A: horns 2, retaliatory headbutt
a: Renounce Religion, Bend Time


You were on level 6 of the Dungeon.
You worshipped Cheibriados.
Cheibriados was aware of your devotion.
You visited 2 branches of the dungeon, and saw 9 of its levels.

You collected 329 gold pieces.

Inventory:

Hand Weapons
 a - a +1 hand crossbow
 G - the +9 spear "Saco" (weapon) {vorpal, rPois rF- Str+4}
   (You found it on level 6 of the Dungeon)

   It inflicts extra damage upon your enemies.
   Str:       It affects your strength (+4).
   rF:        It makes you vulnerable to fire.
   rPois:     It protects you from poison.
Missiles
 k - 3 silver javelins
 n - 11 javelins
 B - a throwing net
Armour
 m - a scarf of shadows (worn)
 q - a +0 pair of gloves (worn)
 x - the +1 scale mail of Xac Akox (worn) {Fly Dex+3}
   (You found it on level 4 of the Dungeon)

   Dex:       It affects your dexterity (+3).
   Fly:       It grants you flight.
Jewellery
 h - a +6 ring of intelligence
 l - a ring of fire
 o - a +4 ring of protection (right hand)
 v - a ring of protection from fire
 y - a +4 ring of evasion (left hand)
Wands
 t - a wand of iceblast (19)
 D - a wand of acid (3)
 I - a wand of mindburst (10)
Scrolls
 b - 2 scrolls of vulnerability {unknown}
 c - 2 scrolls of magic mapping {unknown}
 d - 2 scrolls of immolation {unknown}
 e - a scroll of amnesia {unknown}
 g - a scroll of fog {unknown}
 p - 2 scrolls of noise {unknown}
 r - a scroll of teleportation {unknown}
 C - a scroll of enchant armour {unknown}
 E - a scroll of identify {unknown}
 F - 3 scrolls of blinking {unknown}
 H - a scroll of summoning {unknown}
Potions
 f - 2 potions of mutation {unknown}
 i - a potion of curing
 j - 2 potions of heal wounds {unknown}
 s - a potion of lignification {unknown}
 u - 2 potions of invisibility {unknown}
 w - a potion of magic {unknown}
 z - a potion of ambrosia
 A - a potion of might {unknown}
 J - a potion of haste {unknown}


   Skills:
 + Level 8.0 Fighting
 * Level 5.7 Polearms
 - Level 10.0 Crossbows
 + Level 7.3 Armour
 - Level 2.1 Dodging
 - Level 0.7 Stealth


You had 8 spell levels left.
You didn't know any spells.
Your spell library contained the following spells:

 Spells                   Type           Power      Damage    Failure   Level
 Slow                     Hex            0%         N/A       61%         1
 Confusing Touch          Hex            0%         N/A       93%         3
 Ozocubu's Armour         Ice            0%         N/A       93%         3
 Blade Hands              Tmut           0%         N/A       100%        5
 Irradiate                Conj/Tmut      0%         3d13      100%        5
 Yara's Violent Unravell  Hex/Tmut       0%         3d3       100%        5
 Dispersal                Tloc           0%         N/A       100%        6
 Dragon Form              Tmut           0%         N/A       100%        7
 Enfeeble                 Hex            0%         N/A       100%        7
 Ozocubu's Refrigeration  Ice            0%         4d5       100%        7
 Disjunction              Tloc           0%         N/A       100%        8


Dungeon Overview and Level Annotations

Branches:
Dungeon (8/15)             Temple (1/1) D:6
   Lair: D:8-11

Altars:
Cheibriados
Gozag
Hepliaklqana
Kikubaaqudgha
Okawaru
Trog
Uskayaw
The Shining One


Innate Abilities, Weirdness & Mutations

You have a pair of horns on your head.
You reflexively headbutt those who attack you in melee.


Message History

Reach: G) +9 spear "Saco" {vorpal, rPois rF- Str+4}
Press: ? - help, Dir - move target, f/p - jelly
Aim: a jelly (almost dead, about 7% to evade the +9 spear "Saco")
You hit the jelly but do no damage.
Your hands burn!
The jelly is almost dead.
The jelly hits you.
You are splashed with acid!
Reach: G) +9 spear "Saco" {vorpal, rPois rF- Str+4}
Press: ? - help, Dir - move target, f/p - jelly
Aim: a jelly (almost dead, about 7% to evade the +9 spear "Saco")
You hit the jelly but do no damage. The acid corrodes you!
Your hands burn!
* * * LOW HITPOINT WARNING * * *
You headbutt the jelly, but do no damage.
The jelly is almost dead.
The jelly closely misses you.
Reach: G) +9 spear "Saco" {vorpal, rPois rF- Str+4}
Press: ? - help, Dir - move target, f/p - jelly
Aim: a jelly (almost dead, about 7% to evade the +9 spear "Saco")
You puncture the jelly!
You kill the jelly!
Cheibriados appreciates the change of pace.
Reach: G) +9 spear "Saco" {vorpal, rPois rF- Str+4}
Press: ? - help, Dir - move target, f - jelly
Aim: a jelly (about 7% to evade the +9 spear "Saco")
You hit the jelly.
Your hands burn!
* * * LOW HITPOINT WARNING * * *
The jelly is lightly wounded.
The jelly hits you.
* * * LOW HITPOINT WARNING * * *
You are splashed with acid!
* * * LOW HITPOINT WARNING * * *
You feel better. The jelly hits you.
* * * LOW HITPOINT WARNING * * *
The acid corrodes you!
You are splashed with acid!
* * * LOW HITPOINT WARNING * * *
It was a potion of ambrosia.
You are confused.
You feel invigorated. The jelly hits you.
* * * LOW HITPOINT WARNING * * *
The acid corrodes you!
You are splashed with acid!
You die...

#..##...#....# ###..#
#..# ##..........##
##.###..# ####......##
#..##..# ########
##.##..# #)##..# ##
#.)#..# ...# ##)#..#
...JJ#### #.#..#
...JJJ@.#####.#..#
...JJ##..........######
...# ####.............
######### ##
#.......######
........### #.......#
###.......# #.......#
#.......# #####..##
#.......##### #..#
#...........# #..#


You could see a jelly and 6 endoplasms.

Vanquished Creatures
  A slime creature (D:6)
  Sigmund (D:3)
  2 steam dragons
  A water moccasin (D:4)
  An orc warrior (D:6)
  3 black bears
  2 necrophages
  An ice beast (D:7)
  An ogre (D:4)
  A gnoll sergeant (D:5)
  A bullfrog (D:7)
  2 scorpions
  4 wights (D:6)
  A howler monkey (D:5)
  A bullfrog zombie (D:5)
  A centaur zombie (D:5)
  3 orc priests
  4 hounds
  6 jellies (D:6)
  Jessica (D:1)
  Ijyb (D:3)
  Natasha (thrice) (D:2)
  2 iguanas (D:6)
  2 orc wizards
  A killer bee zombie (D:5)
  8 gnolls
  4 adders
  2 white imps (D:6)
  An ufetubus (D:4)
  An adder zombie (D:5)
  4 worms
  2 dart slugs
  12 orcs
  12 ball pythons
  4 bats (D:2)
  10 endoplasms
  3 giant cockroaches
  9 goblins
  4 hobgoblins
  4 quokkas
  3 frilled lizards (D:1)
  6 kobolds
  4 rats
140 creatures vanquished.

Vanquished Creatures (others)
  A gnoll (D:6)
  10 fungi
  3 plants (D:2)
14 creatures vanquished.

Grand Total: 154 creatures vanquished

Notes
Turn   | Place    | Note
-------+----------+-------------------------------------------
     0 | D:1      | Crownlay the Minotaur Hunter began the quest for the Orb.
     0 | D:1      | Reached XP level 1. HP: 18/18 MP: 0/0
   250 | D:1      | Reached XP level 2. HP: 20/25 MP: 1/1
   741 | D:2      | Noticed Jessica
   750 | D:1      | Killed Jessica
   751 | D:1      | Reached skill level 5 in Crossbows
   751 | D:1      | Reached skill level 1 in Armour
   751 | D:1      | Reached XP level 3. HP: 7/31 MP: 2/2
  1248 | D:2      | Noticed Natasha
  1257 | D:2      | Killed Natasha
  1258 | D:2      | Reached XP level 4. HP: 32/38 MP: 3/3
  1388 | D:2      | Noticed Natasha
  1393 | D:2      | Killed Natasha
  1687 | D:2      | Noticed a necrophage
  1701 | D:2      | Killed a necrophage
  1702 | D:2      | Reached skill level 6 in Crossbows
  1702 | D:2      | Reached XP level 5. HP: 17/46 MP: 4/4
  1921 | D:2      | Noticed Natasha
  1937 | D:2      | Killed Natasha
  2191 | D:2      | Found a faded altar of an unknown god.
  2200 | D:2      | Got Plato's Almanac of the Oath
  2313 | D:2      | Reached XP level 6. HP: 48/53 MP: 5/5
  2724 | D:3      | Noticed Sigmund
  2733 | D:3      | Killed Sigmund
  2734 | D:3      | Reached skill level 7 in Crossbows
  3041 | D:3      | Noticed Ijyb
  3054 | D:3      | Killed Ijyb
  3275 | D:3      | Found a hazy altar of Hepliaklqana.
  3445 | D:4      | Reached skill level 5 in Fighting
  3445 | D:4      | Reached XP level 7. HP: 56/61 MP: 6/6
  3850 | D:4      | Reached skill level 8 in Crossbows
  4270 | D:4      | Identified the +1 scale mail of Xac Akox {Fly Dex+3}
  4587 | D:5      | Entered Level 5 of the Dungeon
  4750 | D:5      | Reached skill level 5 in Armour
  4750 | D:5      | Reached XP level 8. HP: 68/70 MP: 7/7
  4913 | D:5      | Reached skill level 9 in Crossbows
  5172 | D:5      | Found a bloodstained altar of Trog.
  5477 | D:6      | Found a staircase to the Ecumenical Temple.
  5482 | D:6      | Identified the +9 spear "Saco" {vorpal, rPois rF- Str+4}
  5499 | Temple   | Entered the Ecumenical Temple
  5516 | Temple   | Became a worshipper of Cheibriados the Contemplative
  5561 | D:6      | Reached skill level 1 in Polearms
  5858 | D:6      | You are sucked into a shaft and drop 2 floors!
  5887 | D:7      | Reached skill level 10 in Crossbows
  5924 | D:7      | Reached XP level 9. HP: 59/79 MP: 8/8
  6304 | D:6      | Reached * piety under Cheibriados
  6608 | D:6      | Reached skill level 5 in Polearms
  6633 | D:6      | HP: 4/81 [acid (8)]
  6634 | D:6      | Splashed by a jelly's acid

Illustrated notes

Levels and vault maps discovered:
D:1:      minmay_arrival_five_plusses, layout_basic, minmay_misc_feat_pillars
D:2:      kb_forest_paths, layout_rooms, shapermc_ecumenical_altar_rom_forum,
          uniq_natasha, uniq_jessica
D:3:      layout_rooms, worldfamousw_hep_ancestral_shrine, uniq_ijyb,
          uniq_sigmund
D:4:      layout_basic
D:5:      layout_loops_ring, trog_ov_bears_minmay
D:6:      lemuel_slime, layout_basic, minmay_temple_entry_mini_moons
D:7:      layout_gridville
D:8:      layout_basic, minmay_misc_feat_roman, hangedman_decor_peaks_small,
          st_stairs_7
Temple:   mainiacjoe_temple_coin_purse

Skill      XL: |  1  2  3  4  5  6  7  8  9 |
---------------+----------------------------+-----
Fighting       | 3 4 5 6 7 8 |  8.0
Crossbows      | 5 6 7 8 10 | 10.0
Armour         | 1 2 3 5 6 7 |  7.3
Polearms       | 3 5 |  5.7
Dodging        | |  2.1
Stealth        | |  0.7

Action                   |  1- 3 |  4- 6 |  7- 9 || total
-------------------------+-------+-------+-------++-------
Melee: Spear             |       |       |    89 ||    89
       Headbutt          |       |       |    18 ||    18
       Punch             |       |       |     1 ||     1
 Fire: Hand crossbow     |    73 |   169 |   233 ||   475
Throw: Javelin           |     2 |    13 |       ||    15
  Use: Potion            |       |       |     3 ||     3
Armor: Leather armour    |    17 |    16 |    28 ||    61
       Scale mail        |       |       |    73 ||    73
Dodge: Dodged            |    33 |    54 |   191 ||   278

Table legend: (Time is in decaauts)
 A = Elapsed time spent in this place.
 B = Non-inter-level travel time spent in this place.
 C = Inter-level travel time spent in this place.
 D = Time resting spent in this place.
 E = Time spent auto-exploring this place.
 F = Levels seen in this place.
 G = Mean time per level.
                   A        B        C        D        E       F      G
               +--------+--------+--------+--------+--------+-----+--------+
         Total |   6908 |   6802 |    106 |      0 |   5753 |   9 |  767.6 |
       Dungeon |   6878 |   6772 |    106 |      0 |   5750 |   8 |  859.8 |
        Temple |     30 |     30 |      0 |      0 |      3 |   1 |   30.0 |
               +--------+--------+--------+--------+--------+-----+--------+

Top non-repeatable levels by time:
     D:2: 1701 daAuts
     D:4: 1191 daAuts
     D:1: 1005 daAuts
     D:6: 982 daAuts
     D:5: 827 daAuts
     D:3: 772 daAuts
     D:7: 394 daAuts
  Temple: 30 daAuts
     D:8: 3 daAuts
